 Dungeon Crawl Stone Soup version 0.29-a0-1047-g7c58e119a4 (webtiles) character file.

Game seed: 2563472655291535591

77 themarg the Gusty (level 4, -3/24 HPs)
             Began as a Tengu Air Elementalist on Aug 16, 2022.
             Was an Initiate of Gozag.
             Killed by divine providence
             ... invoked by an orc priest
              (12 damage)
             ... on level 3 of the Dungeon.
             The game lasted 00:10:05 (2261 turns).

themarg the Gusty (Tengu Air Elementalist)          Turns: 2261, Time: 00:10:05

Health: -3/24      AC:  2    Str:  8    XL:     4   Next: 33%
Magic:  5/8        EV: 12    Int: 17    God:    Gozag
Gold:   188        SH:  0    Dex: 15    Spells: 7/8 levels left

rFire   . . .      SeeInvis .   y - +1 dagger (drain)
rCold   . . .      Faith    .   (no shield)
rNeg    + . .      Spirit   .   a - +0 robe
rPois   .          Reflect  .   (helmet restricted)
rElec   .          Harm     .   (no cloak)
rCorr   +          Rampage  .   (no gloves)
Will    .....                   (boots unavailable)
Stlth   ++........              (no amulet)
HPRegen 0.08/turn               f - ring of resist corrosion
MPRegen 0.11/turn               v - ring of positive energy

@: no status effects
A: beak, talons 3
a: Renounce Religion, Potion Petition, Call Merchant, Bribe Branch


You were on level 3 of the Dungeon.
You worshipped Gozag.
Gozag was aware of your devotion.
You visited 1 branch of the dungeon, and saw 3 of its levels.

You collected 205 gold pieces.
You paid 17 gold pieces to Gozag.

Inventory:

Hand Weapons
 y - a +1 dagger of draining (weapon)
Missiles
 g - 5 curare-tipped darts
 o - 2 silver javelins
Armour
 a - a +0 robe (worn)
Jewellery
 f - a ring of resist corrosion (left hand)
 v - a ring of positive energy (right hand)
Wands
 x - a wand of flame (3)
Scrolls
 d - a scroll of enchant armour {unknown}
 h - a scroll of immolation {unknown}
 j - a scroll of magic mapping {unknown}
 p - a scroll of fear {unknown}
 q - a scroll of identify {unknown}
 u - a scroll of amnesia {unknown}
 w - a scroll of torment {unknown}
Potions
 b - a potion of magic
 c - a potion of invisibility {unknown}
 i - 3 potions of curing {unknown}
 k - 3 potions of attraction {unknown}
 l - a potion of mutation {unknown}
 n - a potion of cancellation {unknown}
 r - 2 potions of brilliance {unknown}
 s - a potion of lignification {unknown}
 t - a potion of flight {unknown}


   Skills:
 + Level 0.6 Fighting
 + Level 0.7 Short Blades
 + Level 2.5 Dodging
 + Level 2.1 Stealth
 + Level 2.5 Spellcasting
 + Level 2.1 Conjurations
 + Level 5.2 Air Magic


You had 7 spell levels left.
You knew the following spells:

 Your Spells              Type           Power      Damage    Failure   Level
a - Shock                 Conj/Air       56%        1d6       4%          1

Your spell library contained the following spells:

 Spells                   Type           Power      Damage    Failure   Level
 Static Discharge         Conj/Air       14%        3-5/arc   6%          2
 Swiftness                Air            20%        N/A       6%          3
 Summon Small Mammal      Summ           8%         N/A       19%         1
 Airstrike                Air            10%        2d(2-18)  22%         4
 Ensorcelled Hibernation  Hex/Ice        4%         N/A       28%         2
 Passwall                 Tmut/Erth      1%         N/A       28%         2
 Call Canine Familiar     Summ           2%         N/A       50%         3
 Summon Guardian Golem    Hex/Summ       2%         N/A       50%         3


Dungeon Overview and Level Annotations

Branches:
Dungeon (3/15)

Altars:
Gozag


Innate Abilities, Weirdness & Mutations

You have a beak for a mouth.
You have claws for feet.


Message History

Aim: a bat (57% to hit)
The zap hits the bat.
You kill the bat!
You now have 188 gold pieces (gained 5).
An orc comes into view. It is wielding a +0 hand axe.
The orc shouts!
An orc priest comes into view. It is wielding a +0 hand axe.
Casting: Shock (safe; 4% risk of failure)
Confirm with . or Enter, or press ? or * to list all spells.
Aiming: Shock (safe; 4% risk of failure)
Press: ? - help, Shift-Dir - straight line, f - orc priest
Aim: an orc priest, wielding a +0 hand axe (wandering, hasn't noticed you, 71% to hit)
The zap misses the orc priest.
The orc priest shouts!
You hear a shout!
You hear an angry hiss.
A ball python comes into view.
An orc comes into view. It is wielding a +0 flail.
Casting: Shock (safe; 4% risk of failure)
Confirm with . or Enter, or press ? or * to list all spells.
Aiming: Shock (safe; 4% risk of failure)
Press: ? - help, Shift-Dir - straight line, f - orc, p - orc priest
Aim: an orc, wielding a +0 flail and wearing a +0 chain mail (wandering, hasn't noticed you, 79% to hit)
The zap hits the orc priest.
The orc priest is lightly wounded.
The zap hits the orc but does no damage.
The orc shouts!
Casting: Shock (safe; 4% risk of failure)
Confirm with . or Enter, or press ? or * to list all spells.
Aiming: Shock (safe; 4% risk of failure)
Press: ? - help, Shift-Dir - straight line, f - orc
Aim: an orc, wielding a +0 hand axe (71% to hit)
The zap misses the orc priest.
The zap misses the orc.
The orc priest invokes the aid of Beogh against you.
Beogh smites you!
Ouch! That really hurt!
An orc comes into view. It is wielding a +0 short sword.
The orc priest mumbles some strange prayers to Beogh against you.
Beogh smites you!
Ouch! That really hurt!
You die...
Your body crumbles into a pile of gold.

#...# ............# #...#
#............# #...#
#............# #...#
#............# ###...#
#............# .
......###............# ...
###..................#o...
#.................oo.... #
#.............@...oS....
###......#'##########.....
'........#.# ...
####.....#.# .
#........#.########
#.................#
#.)...............#
#.................#
#...............(.#


You could see an orc priest, 3 orcs and a ball python.

Vanquished Creatures
  An adder (D:2)
  3 worms (D:2)
  2 dart slugs
  3 orcs (D:3)
  3 ball pythons
  4 endoplasms
  6 goblins
  4 hobgoblins
  4 quokkas
  6 bats
  7 frilled lizards
  2 kobolds
  4 rats
49 creatures vanquished.

Vanquished Creatures (others)
  A fungus (D:1)
1 creature vanquished.

Grand Total: 50 creatures vanquished

Notes
Turn   | Place    | Note
-------+----------+-------------------------------------------
     0 | D:1      | themarg the Tengu Air Elementalist began the quest for the
                  | Orb.
     0 | D:1      | Reached XP level 1. HP: 10/10 MP: 4/4
    87 | D:1      | Reached XP level 2. HP: 9/15 MP: 0/6
   404 | D:1      | Found a faded altar of an unknown god.
   696 | D:1      | Reached XP level 3. HP: 18/19 MP: 2/7
   898 | D:2      | Reached skill level 5 in Air Magic
  1254 | D:2      | Found an opulent altar of Gozag.
  1264 | D:2      | Became a worshipper of Gozag Ym Sagoz the Greedy
  1893 | D:3      | Reached XP level 4. HP: 24/24 MP: 5/8
  2261 | D:3      | Killed from afar by an orc priest

Illustrated notes

Levels and vault maps discovered:
D:1:      dpeg_arrival_lava_altar, layout_rooms,
          shapermc_ecumenical_altar_mp_urbaneastern
D:2:      layout_loops_ring, basic_altar, grunt_ministairs_2
D:3:      layout_basic

Skill      XL: |  1  2  3 |
---------------+----------+-----
Air Magic      | 5 |  5.2
Conjurations   | 2 |  2.1
Fighting       | |  0.6
Short Blades   | |  0.7
Dodging        | |  2.5
Stealth        | |  2.1
Spellcasting   | |  2.5

Action                   |  1- 3 |  4- 6 || total
-------------------------+-------+-------++-------
Melee: Unarmed           |     3 |       ||     3
       Kick              |     9 |       ||     9
       Short sword       |    23 |     2 ||    25
       Peck              |     4 |     1 ||     5
       Dagger            |       |     5 ||     5
 Cast: Shock             |    71 |    23 ||    94
Armor: Robe              |     4 |     2 ||     6
Dodge: Dodged            |    20 |    10 ||    30

Table legend: (Time is in decaauts)
 A = Elapsed time spent in this place.
 B = Non-inter-level travel time spent in this place.
 C = Inter-level travel time spent in this place.
 D = Time resting spent in this place.
 E = Time spent auto-exploring this place.
 F = Levels seen in this place.
 G = Mean time per level.
                   A        B        C        D        E       F      G
               +--------+--------+--------+--------+--------+-----+--------+
         Total |   2260 |   2212 |     48 |    715 |   1079 |   3 |  753.3 |
       Dungeon |   2260 |   2212 |     48 |    715 |   1079 |   3 |  753.3 |
               +--------+--------+--------+--------+--------+-----+--------+

Top non-repeatable levels by time:
     D:2: 992 daAuts
     D:1: 888 daAuts
     D:3: 380 daAuts
